 Dungeon Crawl Stone Soup version 0.17-a0-1748-g222fba8 (webtiles) character file.

159 Medar the Ruffian (level 5, -4/44 HPs)
             Began as a Naga Transmuter on Sept 1, 2015.
             Slain by an orc warrior
             ... wielding a +0 dire flail
              (20 damage)
             ... on level 3 of the Dungeon.
             The game lasted 00:10:30 (2852 turns).

Medar the Ruffian (Naga Transmuter)                 Turns: 2852, Time: 00:10:30

Health: -4/44      AC:  2    Str: 12    XL:     5   Next: 40%
Magic:  1/8        EV: 10    Int: 15    God:
Gold:   205        SH:  0    Dex: 11    Spells: 3 memorised, 2 levels left

rFire  . . .     SeeInvis +       - Unarmed
rCold  . . .     Clarity  .     b - +0 robe
rNeg   . . .     SustAt   .     (no shield)
rPois  +         Gourm    .     (no helmet)
rElec  .         Spirit   .     (no cloak)
rCorr  .         Warding  .     (no gloves)
rMut   .         Stasis   .     (no barding)
MR     .....                    p - amulet of rage
Stlth  +.........               (no ring)
                                (no ring)

@: very slightly contaminated, very slow, not resistant to hostile enchantments,
very unstealthy
A: see invisible, deformed body, poison resistance, slowness 2, slow metabolism
1, spit poison 2, AC +1
a: Spit Poison, Evoke Berserk Rage


You were on level 3 of the Dungeon.
You were not hungry.

You visited 1 branch of the dungeon, and saw 3 of its levels.

You collected 205 gold pieces.

Inventory:

Missiles
 a - 2 arrows
 i - 28 poisoned needles
 k - 2 tomahawks (quivered)
Armour
 b - a +0 robe (worn)
Jewellery
 p - an amulet of rage (around neck)
Scrolls
 h - a scroll of remove curse {@r1}
 l - a scroll of recharging
 o - a scroll of teleportation {unknown}
 q - a scroll of fear {unknown}
Potions
 e - a potion of resistance
 g - a potion of flight
 m - a potion of brilliance {unknown}
Books
 c - a book of Changes

   Spells                             Type                      Level
   a - Beastly Appendage              Transmutation                1
   b - Sticks to Snakes               Transmutation                2
   c - Spider Form                    Transmutation/Poison         3
   d - Ice Form                       Ice/Transmutation            4
   e - Blade Hands                    Transmutation                5
Comestibles
 d - 2 bread rations {@e1}
 j - 4 fruits


   Skills:
 + Level 1.1 Fighting
 - Level 1.5 Dodging
 * Level 4.4 Unarmed Combat
 - Level 2.0 Spellcasting
 - Level 3.0 Transmutations
 - Level 3.6 Poison Magic


You had 2 spell levels left.
You knew the following spells:

 Your Spells              Type           Power        Failure   Level  Hunger
d - Sticks to Snakes      Trmt           ##........   12%         2    ###....
f - Spider Form           Trmt/Pois      ##........   21%         3    ###....
s - Beastly Appendage     Trmt           ##....       8%          1    #......


Dungeon Overview and Level Annotations

Branches:
Dungeon (3/15)

Altars:
Gozag


Innate Abilities, Weirdness & Mutations

You cannot wear boots.
Your serpentine skin is tough (AC +1).
You have supernaturally acute eyesight.
Armour fits poorly on your strangely shaped body.
Your system is resistant to poisons.
You cover ground very slowly.
You have a slow metabolism.
You can spit poison.


Message History

Confirm with . or Enter, or press ? or * to list all spells.
You create a snake!
The orc hits your ball python with a short sword.
Your ball python dies!
The orc warrior hits you with a dire flail!
An orc comes into view. It is wielding a trident.
Your horns disappear.
The ball python bites your ball python.
Your ball python dies!
The orc warrior looks more healthy.
You have got your breath back.
The orc shouts!
The orc warrior hits you with a dire flail!
Use which ability? (? or * to list)
Okay, then.
Unknown command.
Drink which item? (? for menu, Esc to quit)
It was a potion of poison.
You feel slightly nauseous.
The orc warrior hits you with a dire flail!!
You die...

#.### #
#.$$###.#
#._.... #..o.#
#.g.# ###S#
#.# #.## #.#
#######oo###.#
#.#
.........@...#
#.# .
########.#####
#.# . #.# #.#
. #.# #.# #
#.# #.#### #.#
#.)..# ##.#
####.# #..#
#[.... #.##
#.##.#


You could see an orc warrior, 2 orcs, a hobgoblin and a ball python.

Vanquished Creatures
  A scorpion (D:3)
  4 adders (D:2)
  2 oozes
  3 worms (D:2)
  2 orcs (D:3)
  5 bats
  5 hobgoblins
  4 giant cockroaches
  A giant gecko (D:1)
  3 giant newts
  4 goblins
  3 jackals
  8 kobolds
  7 rats
52 creatures vanquished.

Vanquished Creatures (collateral kills)
  2 adders
  A kobold (D:2)
3 creatures vanquished.

Grand Total: 55 creatures vanquished

Notes
Turn   | Place    | Note
--------------------------------------------------------------
     0 | D:1      | Medar the Naga Transmuter began the quest for the Orb.
     0 | D:1      | Reached XP level 1. HP: 18/18 MP: 3/3
   447 | D:1      | Reached XP level 2. HP: 19/25 MP: 3/5
   664 | D:1      | Learned a level 2 spell: Sticks to Snakes
  1267 | D:2      | Reached skill level 4 in Unarmed Combat
  1271 | D:2      | Reached XP level 3. HP: 24/31 MP: 0/6
  1460 | D:2      | Learned a level 3 spell: Spider Form
  1705 | D:2      | Reached XP level 4. HP: 31/38 MP: 4/7
  1938 | D:2      | Reached skill level 1 in Poison Magic
  2740 | D:3      | Reached XP level 5. HP: 37/44 MP: 6/8
  2828 | D:3      | Found an opulent altar of Gozag.
  2836 | D:3      | Noticed an orc warrior
  2852 | D:3      | Slain by an orc warrior

Vault maps used:
D:1:      lemuel_arrival_muddy, minmay_distorted
D:2:      first_bread
D:3:      minmay_overflow_temple_star_quad, nicolae_gozag_seed_capital

Action                   |  1- 3 |  4- 6 || total
-------------------------+-------+-------++-------
Melee: Unarmed           |    86 |    72 ||   158
 Cast: Beastly Appendage |    21 |     9 ||    30
       Sticks to Snakes  |     5 |     5 ||    10
       Spider Form       |       |     1 ||     1
 Abil: Spit Poison       |    18 |    12 ||    30
  Use: Scroll            |     4 |     1 ||     5
       Potion            |       |     1 ||     1
 Stab: Sleeping          |     1 |       ||     1
  Eat: Chunk             |     3 |     3 ||     6
       Beef jerky        |       |     1 ||     1
